 Dungeon Crawl Stone Soup version 0.22-a0-402-ga933591 (webtiles) character file.

16 Borgoz the Shield-Bearer (level 2, -2/19 HPs)
             Began as a Gargoyle Fighter on May 7, 2018.
             Slain by a gnoll
             ... wielding a +1 flail of crushing
              (6 damage)
             ... on level 1 of the Dungeon.
             The game lasted 00:00:41 (360 turns).

Borgoz the Shield-Bearer (Gargoyle Fighter)          Turns: 360, Time: 00:00:42

Health: -2/19      AC:  9    Str: 19    XL:     2   Next: 54%
Magic:  2/2        EV:  7    Int:  8    God:
Gold:   70         SH:  9    Dex:  9    Spells: 1/1 levels left

rFire    . . .     SeeInvis .   a - +0 flail
rCold    . . .     Gourm    .   c - +0 shield
rNeg     + . .     Faith    .   b - +0 scale mail
rPois    ∞         Spirit   .   (no helmet)
rElec    +         Reflect  .   (no cloak)
rCorr    .         Harm     .   (no gloves)
MR       .....                  (no boots)
Stlth    ..........             (no amulet)
HPRegen  0.06/turn              (no ring)
MPRegen  0.08/turn              (no ring)

@: no status effects
A: negative energy resistance 1, electricity resistance, unbreathing,
petrification resistance, rot immunity, AC +2
a: no special abilities


You were on level 1 of the Dungeon.
You were not hungry.

You visited 1 branch of the dungeon, and saw 1 of its levels.

You collected 70 gold pieces.

Inventory:

Hand Weapons
 a - a +0 flail (weapon)
Armour
 b - a +0 scale mail (worn)
 c - a +0 shield (worn)
Scrolls
 i - a scroll of enchant weapon {unknown}
 k - a scroll of identify {unknown}
 l - a scroll of immolation {unknown}
Potions
 d - a potion of might
 e - a potion of heal wounds {unknown}
 g - 2 potions of brilliance {unknown}
 h - a potion of mutation {unknown}
 j - a potion of curing {unknown}
 m - a potion of haste {unknown}
Comestibles
 f - 2 rations


   Skills:
 + Level 3.5 Fighting
 + Level 2.2 Maces & Flails
 + Level 3.5 Armour
 + Level 3.5 Shields


You had one spell level left.
You didn't know any spells.

Dungeon Overview and Level Annotations

Branches:
Dungeon (1/15)

Altars:


Innate Abilities, Weirdness & Mutations

You are resistant to torment.
Your stone body is resilient. (AC +2)
You are immune to poison.
You resist negative energy. (rN+)
You are resistant to electric shocks. (rElec)
You can survive without breathing.
You are immune to petrification.
You are immune to rotting.


Message History

The rat barely misses you.
You closely miss the rat. You block the rat's attack.
You hit the rat.
The rat is severely wounded.
The rat bites you but does no damage. You block the rat's attack.
You hit the rat but do no damage.
The rat is severely wounded.
The rat completely misses you.
You hit the rat.
You kill the rat!
Your scale mail prevents you from hitting the gnoll.
The gnoll is heavily wounded.
The gnoll closely misses you. The gnoll barely misses you.
Your shield and scale mail prevent you from hitting the gnoll.
The gnoll is heavily wounded.
You block the gnoll's attack.
You hit the gnoll.
The gnoll is almost dead.
The gnoll hits you with a flail of crushing.
You die...

......# #.# #.#
..#..## ###.# #.#
..... ..#.# #.# ....
....# #.# #..# #.###
#.# #.)# #.# #.#
#..# #.# #.#
####..####.#####.#
#...........g@...#
.............#######
###.########## #. #


You could see a gnoll.

Vanquished Creatures
  A dart slug (D:1)
  A leopard gecko (D:1)
  2 giant cockroaches (D:1)
  A hobgoblin (D:1)
  A kobold (D:1)
  2 bats (D:1)
  A frilled lizard (D:1)
  5 rats (D:1)
14 creatures vanquished.

Notes
Turn   | Place    | Note
-------+----------+-------------------------------------------
     0 | D:1      | Borgoz the Gargoyle Fighter began the quest for the Orb.
     0 | D:1      | Reached XP level 1. HP: 14/14 MP: 1/1
   158 | D:1      | Reached XP level 2. HP: 19/19 MP: 2/2
   360 | D:1      | Slain by a gnoll

Vault maps used:
D:1:      lordsloth_arrival_two_stooges

Action                   || total
-------------------------++-------
Melee: Flail             ||    60
Armor: Scale mail        ||    37
Dodge: Dodged            ||    23
Block: Shield            ||    38

Table legend:
 A = Spawn XP
 B = Non-spawn XP
 C = Spawn XP percentage of total XP
 D = Spawn monster count
 E = Non-spawn monster count
 F = Spawn count percentage of total count
 G = Total turns spent on level
                    A         B        C        D         E        F      G
               +---------+---------+-------+---------+---------+-------+---------
         Total |       0 |      23 |   0.0 |       0 |      14 |   0.0 |   360
               +---------+---------+-------+---------+---------+-------+---------
           D:1 |       0 |      23 |   0.0 |       0 |      14 |   0.0 |   360
               +---------+---------+-------+---------+---------+-------+---------
